Map: NeoHumanity LE

Players

Protosito - Winner!

  • Race: Zerg Zerg
  • League: Master
  • Spawn Location: 11:00

huimedvedya

  • Race: Protoss Protoss
  • League: Master
  • Spawn Location: 5:00

VOD

Have the link to the VOD?

Description

Time

  • Played on: Sept. 18, 2023, 4:51 p.m.
  • Length: 10:18
Show
View Real Time Build Order
Export as new Build Order

Protosito Zerg - Winner!

Build Orders: Pool First 

Get SALT Encoding   

  12  0:02  Drone  
  13  0:12  Overlord  
  13  0:17  Drone  
  14  0:31  Drone x2  
  16  0:41  Spawning Pool  
  15  0:51  Drone x2  
  17  1:14  Hatchery  
  16  1:27  Zergling x4  
  16  1:28  Zergling x2  
  16  1:32  Queen  
  21  1:39  Overlord  
  21  1:49  Extractor  
  21  1:51  Drone  
  21  2:07  Queen  
  23  2:08  Drone  
  23  2:11  Drone  
  25  2:22  Drone  
  26  2:26  Queen  
  26  2:29  Overlord  
  28  2:33  Drone  
  29  2:43  Queen  
  31  2:44  Drone x3  
  31  2:46  Drone  
  34  2:54  Drone  
  34  2:55  Drone  
  36  3:09  Drone  
  36  3:10  Drone x2  
  36  3:11  Overlord  
  39  3:18  Drone x4  
  42  3:35  Roach Warren  
  42  3:36  Extractor, Lair  
  42  3:37  Drone x3  
  43  3:52  Evolution Chamber  
  43  3:54  Drone x5  
  43  3:55  Overlord  
  46  4:06  Drone x3  
  46  4:07  Extractor, Drone x2  
  46  4:08  Extractor  
  49  4:16  Overlord  
  49  4:31  Roach x5  
  57  4:33  Zerg Missile Weapons Level 1  
  57  4:36  Drone  
  57  4:37  Drone x2  
  62  4:45  Overlord  
  62  4:47  Glial Reconstitution  
  62  4:49  Overlord x2  
  61  5:06  Drone  
  62  5:11  Roach x2  
  62  5:12  Roach x4  
  62  5:13  Roach x2  
  62  5:14  Roach  
  80  5:23  Drone  
  81  5:32  Roach  
  81  5:34  Overlord  
  83  5:35  Overlord  
  83  5:50  Queen, Spore Crawler  
  83  5:51  Queen  
  83  5:52  Spore Crawler  
  83  5:53  Roach x3  
  83  5:54  Roach x3  
  97  6:14  Drone x2  
  99  6:39  Spore Crawler  
  98  6:41  Overseer x2  
  98  6:43  Zerg Missile Weapons Level 2  
  98  6:46  Roach, Overlord  
  100  6:47  Overlord x5  
  100  6:52  Hatchery  
  97  7:12  Roach  
  97  7:13  Roach x5  
  107  7:24  Roach x2  
  107  7:27  Roach x3  
  107  7:28  Roach  
  119  7:34  Ravager x7  
  119  7:35  Ravager x3  
  127  7:50  Roach x5  
  131  7:57  Roach  
  131  7:58  Roach x3  
  139  8:07  Hydralisk Den  
  139  8:08  Drone x5  
  143  8:17  Roach x3  
  149  8:27  Roach x2  
  149  8:29  Overlord  
  149  8:31  Drone  
  149  8:33  Overlord x4  
  139  8:51  Drone x7  
  139  8:52  Drone x2  
  141  9:06  Roach x3  
  145  9:17  Roach  
  145  9:18  Roach x5  
  145  9:19  Roach  
  157  9:33  Roach x3  
  163  9:42  Roach x4  
  163  9:43  Roach x2  
  163  9:44  Roach  
  173  9:47  Ravager  
  173  9:48  Ravager  
  173  9:49  Ravager  
Show
View Real Time Build Order
Export as new Build Order

huimedvedya Protoss 

Build Orders:  

Get SALT Encoding   

  12  0:01  Probe  
  13  0:13  Probe  
  14  0:18  Pylon  
  14  0:25  Probe  
  15  0:37  Forge  
  15  0:47  Gateway  
  15  1:02  Gateway  
  15  1:03  Probe (Chrono Boost)  
  15  1:16  Probe (Chrono Boost)  
  16  1:20  Photon Cannon  
  16  1:22  Probe (Chrono Boost)  
  17  1:28  Assimilator  
  17  1:31  Probe  
  18  1:36  Zealot (Chrono Boost)  
  20  2:05  Nexus  
  20  2:13  Cybernetics Core  
  20  2:17  Probe (Chrono Boost)  
  21  2:23  Pylon  
  21  2:27  Probe (Chrono Boost)  
  22  2:33  Probe  
  23  2:38  Assimilator  
  23  2:46  Probe  
  24  2:51  Adept  
  24  2:54  Adept  
  24  2:58  Probe  
  29  3:09  Twilight Council  
  29  3:16  Pylon  
  31  3:20  Probe x2 (Chrono Boost)  
  31  3:22  Warp Gate  
  30  3:29  Probe x2 (Chrono Boost)  
  32  3:34  Probe x2 (Chrono Boost)  
  34  3:46  Probe x2  
  34  3:48  Stalker  
  38  3:58  Probe x2  
  40  4:06  Assimilator  
  40  4:07  Assimilator  
  40  4:10  Dark Shrine, Probe  
  40  4:16  Gateway, Probe  
  42  4:24  Probe (Chrono Boost)  
  42  4:27  Robotics Facility  
  42  4:28  Probe (Chrono Boost)  
  44  4:37  Probe (Chrono Boost)  
  45  4:39  Pylon  
  45  4:40  Probe (Chrono Boost)  
  45  4:44  Probe (Chrono Boost)  
  47  4:46  Probe (Chrono Boost)  
  47  4:50  Probe  
  49  4:55  Probe  
  50  5:03  Probe  
  51  5:07  Probe  
  51  5:10  Nexus  
  51  5:11  Pylon  
  52  5:16  Warp Prism (Chrono Boost)  
  54  5:23  Probe x2  
  56  5:29  Pylon  
  56  5:34  Pylon, Gateway  
  57  5:43  Observer (Chrono Boost)  
  57  5:56  Immortal  
  61  5:57  Stalker x3, Shield Battery  
  67  6:14  Shield Battery  
  67  6:17  Pylon  
  67  6:22  Dark Templar x3  
  67  6:24  Probe x2 (Chrono Boost)  
  76  6:30  Probe (Chrono Boost)  
  74  6:34  Stalker, Probe x2 (Chrono Boost)  
  74  6:38  Probe (Chrono Boost)  
  74  6:39  Probe x2 (Chrono Boost)  
  81  6:48  Probe, Charge (Chrono Boost)  
  81  6:51  Probe  
  83  6:55  Gateway, Probe  
  83  6:58  Gateway x2  
  83  7:01  Probe  
  85  7:07  Stalker x4  
  93  7:31  Pylon  
  93  7:33  Pylon, Shield Battery  
  93  7:34  Assimilator  
  93  7:35  Assimilator  
  93  7:36  Stalker x4  
  93  7:37  Shield Battery  
  97  7:52  Stalker  
  97  7:53  Stalker  
  97  7:54  Stalker  
  102  8:02  Pylon  
  102  8:03  Pylon  
  102  8:05  Forge, Gateway x2  
  102  8:07  Pylon  
  102  8:09  Forge  
  102  8:13  Zealot x4  
  102  8:19  Shield Battery  
  110  8:20  Shield Battery  
  110  8:21  Zealot x2, Pylon  
  110  8:22  Zealot  
  116  8:39  Dark Templar  
  116  8:40  Dark Templar x3  
  120  8:50  Zealot x3  
  120  8:55  Warp Prism (Chrono Boost)  
  120  9:01  Zealot  
  120  9:02  Zealot  
  122  9:08  Nexus  
  122  9:11  Zealot x2  
  122  9:12  Zealot  
  120  9:18  Stalker x2  
  122  9:33  Pylon  
  122  9:37  Pylon  
  118  9:44  Dark Templar x6  
  118  9:56  Zealot x3  
Tags
 
Add a new tag
Caveats
  • Supply blocks, unpowered buildings, or Contaminate may cause inaccurate times.
  • Supply counts are checked every 10 seconds.